General information
- name: JumpToad P:| L:4
- type: Custom game
- host: JumpToad
- saver: Sakura[GGL]
map: SilverpineForest
- players: 8
- length: 81:03
- speed: Fast
- version: 1.24 W3XP
- replay type: Public
» download(776 KB)
Players
team 1 (loser)
Eugey (
blue | 92 APM | 7465 actions | 81:03)
6 Blademaster
3 Wind Walk
2 Critical Strike
1 Bladestorm
6 Tauren Chieftain
3 War Stomp
3 Endurance Aura
4 Shadow Hunter
2 Hex
2 Healing Wave
» actions
| Assign group hotkey | 60 | |
| Basic commands | 71 | |
| Build / train | 175 | |
| ESC pressed | 23 | |
| Enter build submenu | 76 | |
| Enter hero's abilities submenu | 16 | |
| Give item / drop item | 25 | |
| Right click | 3215 | |
| Select / deselect | 1063 | |
| Select group hotkey | 2323 | |
| Use ability | 418 | |
7465 total
» units
| Peon | 28 | |
| Grunt | 3 | |
| Goblin Shredder | 1 | |
| Shaman | 7 | |
| Troll Witch Doctor | 9 | |
| Tauren | 11 | |
| Spirit Walker | 6 | |
| Kodo Beast | 3 | |
| Troll Batrider | 19 | |
| Wind Rider | 3 | |
90 total
» upgrades
| Shaman Training | 2 | |
| Witch Doctor Training | 2 | |
| Reinforced Defenses | 1 | |
| Armor | 4 | |
| Pulverize | 1 | |
| Spirit Walker Training | 3 | |
| War Drums Damage Increase | 1 | |
| Melee Weapons | 4 | |
| Ranged Weapons | 3 | |
| Envenomed Spears | 1 | |
22 total
» buildings
| Altar of Storms | 2 | |
| Orc Burrow | 15 | |
| Barracks | 1 | |
| Voodoo Lounge | 2 | |
| Great Hall | 6 | |
| Stronghold | 2 | |
| Spirit Lodge | 4 | |
| War Mill | 2 | |
| Fortress | 2 | |
| Beastiary | 6 | |
| Watch Tower | 19 | |
| Tauren Totem | 2 | |
63 total
» build order
00:10 Altar of Storms
00:18 Orc Burrow
00:37 Barracks
01:34 Orc Burrow
01:54 Voodoo Lounge
03:09 Great Hall
04:07 Stronghold
04:50 Orc Burrow
06:32 Spirit Lodge
06:44 Spirit Lodge
07:01 Orc Burrow
07:12 War Mill
07:14 Fortress
07:48 Beastiary
08:22 Great Hall
08:55 Watch Tower
08:59 Watch Tower
09:00 Watch Tower
10:41 Tauren Totem
13:06 Beastiary
13:07 Beastiary
13:18 Orc Burrow
13:20 Watch Tower
13:23 Watch Tower
14:10 Orc Burrow
14:12 Orc Burrow
14:14 Orc Burrow
16:25 Watch Tower
18:56 Great Hall
19:01 Great Hall
21:49 Great Hall
28:05 Great Hall
29:09 Watch Tower
30:54 Watch Tower
30:55 Watch Tower
30:56 Watch Tower
30:56 Watch Tower
30:59 Watch Tower
31:54 Watch Tower
32:00 Watch Tower
32:02 Watch Tower
32:03 Watch Tower
32:38 War Mill
33:32 Stronghold
34:36 Altar of Storms
35:43 Orc Burrow
35:46 Orc Burrow
35:50 Watch Tower
35:53 Watch Tower
36:00 Watch Tower
36:57 Fortress
38:43 Beastiary
38:47 Beastiary
38:50 Spirit Lodge
40:19 Tauren Totem
40:29 Orc Burrow
41:47 Voodoo Lounge
42:23 Beastiary
42:26 Spirit Lodge
42:41 Orc Burrow
42:42 Orc Burrow
42:44 Orc Burrow
42:46 Orc Burrow
» items
| Healing Salve | 8 | |
| Boots of Speed | 1 | |
| Circlet of Nobility | 2 | |
| Scroll of Town Portal | 5 | |
| Potion of Lesser Invulnerability | 4 | |
| Orb of Lightning | 1 | |
| Potion of Healing | 1 | |
| Scroll of Healing | 1 | |
| Scroll of Protection | 1 | |
| Periapt of Vitality | 1 | |
| Pendant of Mana | 1 | |
| Potion of Mana | 3 | |
| Lesser Clarity Potion | 8 | |
| Tiny Great Hall | 1 | |
| Claws of Attack +12 | 1 | |
| Scroll of Speed | 1 | |
40 total
team 2 (loser)
the.anchor (
red | 227 APM | 18420 actions | 81:02)
9 Blademaster
3 Wind Walk
3 Critical Strike
1 Bladestorm
2 Mirror Image
10 Tauren Chieftain
3 War Stomp
3 Endurance Aura
3 Shockwave
1 Reincarnation
8 Shadow Hunter
3 Hex
3 Healing Wave
1 Big Bad Voodoo
1 Serpent Ward
» actions
| Assign group hotkey | 58 | |
| Basic commands | 20 | |
| Build / train | 222 | |
| ESC pressed | 23 | |
| Enter build submenu | 73 | |
| Enter hero's abilities submenu | 28 | |
| Give item / drop item | 15 | |
| Right click | 7160 | |
| Select / deselect | 1585 | |
| Select group hotkey | 8613 | |
| Use ability | 623 | |
18420 total
» units
| Peon | 74 | |
| Grunt | 3 | |
| Goblin Shredder | 1 | |
| Wind Rider | 15 | |
| Troll Witch Doctor | 4 | |
| Tauren | 6 | |
| Shaman | 7 | |
| Spirit Walker | 6 | |
| Kodo Beast | 3 | |
| Raider | 3 | |
| Goblin Sapper | 2 | |
124 total
» upgrades
| Witch Doctor Training | 2 | |
| Ranged Weapons | 4 | |
| Shaman Training | 2 | |
| Envenomed Spears | 1 | |
| Reinforced Defenses | 1 | |
| Spirit Walker Training | 2 | |
| Pulverize | 1 | |
| Armor | 3 | |
| War Drums Damage Increase | 1 | |
| Ensnare | 1 | |
| Pillage | 1 | |
19 total
» buildings
| Altar of Storms | 3 | |
| Orc Burrow | 14 | |
| Barracks | 1 | |
| Voodoo Lounge | 3 | |
| Stronghold | 1 | |
| Great Hall | 13 | |
| War Mill | 1 | |
| Spirit Lodge | 3 | |
| Fortress | 1 | |
| Beastiary | 4 | |
| Tauren Totem | 2 | |
| Watch Tower | 14 | |
60 total
» build order
00:10 Altar of Storms
00:19 Orc Burrow
00:23 Barracks
01:38 Orc Burrow
02:01 Voodoo Lounge
02:03 Voodoo Lounge
03:26 Stronghold
04:20 Great Hall
04:35 War Mill
05:25 Orc Burrow
06:07 Spirit Lodge
06:51 Fortress
07:29 Beastiary
07:38 Beastiary
08:28 Orc Burrow
08:33 Spirit Lodge
10:37 Tauren Totem
10:59 Spirit Lodge
11:49 Tauren Totem
11:54 Orc Burrow
14:05 Orc Burrow
14:07 Orc Burrow
19:21 Watch Tower
19:21 Watch Tower
19:22 Watch Tower
19:50 Great Hall
21:29 Orc Burrow
25:42 Great Hall
25:52 Great Hall
28:44 Watch Tower
28:45 Watch Tower
29:53 Beastiary
29:55 Beastiary
35:42 Great Hall
35:43 Orc Burrow
35:50 Great Hall
36:40 Watch Tower
36:41 Watch Tower
36:41 Watch Tower
39:24 Voodoo Lounge
41:32 Watch Tower
45:15 Watch Tower
46:22 Watch Tower
58:07 Great Hall
58:10 Great Hall
58:20 Orc Burrow
58:34 Great Hall
61:56 Great Hall
61:58 Orc Burrow
62:00 Watch Tower
62:25 Great Hall
62:57 Orc Burrow
68:35 Great Hall
69:04 Watch Tower
70:31 Great Hall
74:24 Altar of Storms
74:25 Altar of Storms
74:33 Watch Tower
78:58 Orc Burrow
78:59 Orc Burrow
» items
| Healing Salve | 7 | |
| Boots of Speed | 1 | |
| Scroll of Speed | 1 | |
| Lesser Clarity Potion | 6 | |
| Khadgar's Pipe of Insight | 1 | |
| Orb of Lightning | 1 | |
| Pendant of Energy | 1 | |
| Scroll of Town Portal | 3 | |
| Potion of Healing | 1 | |
| Potion of Lesser Invulnerability | 3 | |
| Tome of Retraining | 2 | |
| Potion of Mana | 1 | |
| Scroll of Healing | 1 | |
| Scroll of Protection | 1 | |
30 total
team 3 (winner)
XZshka) (
dark-green | 127 APM | 10284 actions | 81:02)
7 Goblin Alchemist
3 Acid Bomb
3 Chemical Rage
1 Transmute
8 Mountain King
3 Storm Bolt
3 Bash
1 Avatar
1 Thunder Clap
7 Paladin
3 Holy Light
2 Divine Shield
1 Resurrection
1 Devotion Aura
» actions
| Assign group hotkey | 107 | |
| Basic commands | 4 | |
| Build / train | 229 | |
| ESC pressed | 18 | |
| Enter build submenu | 95 | |
| Enter hero's abilities submenu | 25 | |
| Give item / drop item | 11 | |
| Remove unit from queue | 1 | |
| Right click | 4328 | |
| Select / deselect | 1945 | |
| Select group hotkey | 2871 | |
| Use ability | 649 | |
10284 total
» units
| Peasant | 47 | |
| Rifleman | 5 | |
| Goblin Shredder | 1 | |
| Spell Breaker | 10 | |
| Gryphon Rider | 6 | |
| Priest | 10 | |
| Sorceress | 4 | |
| Dragonhawk Rider | 4 | |
| Siege Engine | 8 | |
| Flying Machine | 1 | |
96 total
» upgrades
| Masonry | 3 | |
| Swords | 2 | |
| Magic Sentry | 1 | |
| Animal War Training | 1 | |
| Priest Training | 2 | |
| Cloud | 1 | |
| Armor | 3 | |
| Storm Hammers | 1 | |
| Control Magic | 1 | |
| Sorceress Training | 2 | |
| Barrage | 1 | |
| Plating | 2 | |
| Gunpowder | 2 | |
22 total
» buildings
| Blacksmith | 3 | |
| Farm | 25 | |
| Barracks | 1 | |
| Altar of Kings | 2 | |
| Keep | 4 | |
| Town Hall | 15 | |
| Arcane Vault | 2 | |
| Lumber Mill | 2 | |
| Scout Tower | 25 | |
| Castle | 4 | |
| Arcane Tower | 16 | |
| Arcane Sanctum | 5 | |
| Guard Tower | 15 | |
| Gryphon Aviary | 8 | |
| Workshop | 4 | |
131 total
» build order
00:48 Blacksmith
00:49 Farm
01:03 Barracks
01:19 Altar of Kings
01:33 Farm
01:47 Farm
02:28 Farm
03:31 Keep
03:31 Keep
04:24 Town Hall
04:38 Arcane Vault
05:22 Farm
05:25 Lumber Mill
05:47 Scout Tower
06:58 Castle
06:58 Castle
07:26 Arcane Tower
07:26 Arcane Tower
07:29 Scout Tower
07:30 Scout Tower
08:20 Arcane Sanctum
08:21 Guard Tower
08:21 Guard Tower
08:29 Guard Tower
08:29 Guard Tower
08:32 Arcane Sanctum
09:25 Farm
09:25 Farm
10:03 Gryphon Aviary
10:12 Arcane Sanctum
10:45 Farm
11:19 Gryphon Aviary
11:23 Farm
11:23 Farm
11:53 Gryphon Aviary
12:26 Scout Tower
12:26 Scout Tower
12:36 Farm
12:59 Arcane Tower
12:59 Arcane Tower
13:22 Gryphon Aviary
13:51 Guard Tower
14:33 Farm
14:46 Workshop
14:49 Workshop
15:58 Farm
19:30 Workshop
23:33 Town Hall
23:43 Town Hall
23:46 Town Hall
23:50 Town Hall
23:55 Town Hall
27:58 Town Hall
28:40 Scout Tower
28:40 Scout Tower
28:40 Scout Tower
30:57 Guard Tower
30:57 Guard Tower
30:59 Scout Tower
31:01 Scout Tower
31:57 Guard Tower
31:57 Guard Tower
31:58 Scout Tower
31:59 Scout Tower
33:24 Arcane Tower
33:24 Arcane Tower
34:15 Town Hall
40:06 Town Hall
47:30 Town Hall
47:34 Altar of Kings
48:52 Scout Tower
49:42 Guard Tower
50:19 Farm
51:10 Scout Tower
51:12 Scout Tower
51:29 Scout Tower
51:50 Blacksmith
51:52 Guard Tower
52:04 Guard Tower
52:04 Guard Tower
52:30 Guard Tower
52:31 Guard Tower
52:35 Scout Tower
52:36 Scout Tower
52:43 Town Hall
53:31 Farm
54:55 Town Hall
57:19 Arcane Vault
58:28 Scout Tower
58:29 Scout Tower
58:46 Keep
58:46 Keep
59:12 Arcane Tower
59:25 Blacksmith
59:26 Scout Tower
59:27 Scout Tower
60:06 Arcane Tower
60:06 Arcane Tower
61:07 Arcane Tower
61:16 Castle
61:16 Castle
61:31 Arcane Tower
61:31 Arcane Tower
61:34 Arcane Sanctum
61:40 Arcane Sanctum
62:00 Farm
62:01 Farm
62:49 Farm
62:50 Farm
63:26 Farm
63:41 Lumber Mill
66:11 Gryphon Aviary
66:12 Gryphon Aviary
66:14 Gryphon Aviary
67:15 Farm
67:16 Farm
67:30 Gryphon Aviary
67:33 Scout Tower
67:34 Scout Tower
67:34 Scout Tower
68:16 Arcane Tower
68:16 Arcane Tower
68:20 Farm
68:49 Town Hall
68:56 Arcane Tower
68:56 Arcane Tower
71:00 Farm
71:00 Farm
77:03 Town Hall
78:50 Workshop
78:55 Town Hall
» items
| Scroll of Regeneration | 6 | |
| Lesser Clarity Potion | 5 | |
| Potion of Healing | 1 | |
| Orb of Fire | 1 | |
| Scroll of Town Portal | 9 | |
| Staff of Sanctuary | 2 | |
| Pendant of Energy | 1 | |
| Boots of Speed | 3 | |
| Periapt of Vitality | 1 | |
| Potion of Lesser Invulnerability | 5 | |
| Khadgar's Gem of Health | 1 | |
| Replenishment Potion | 1 | |
| Khadgar's Pipe of Insight | 1 | |
| Warsong Battle Drums | 1 | |
| Potion of Mana | 1 | |
| Potion of Invisibility | 1 | |
| Scroll of Healing | 1 | |
41 total
team 4 (loser)
genra (
yellow | 83 APM | 6758 actions | 81:03)
5 Death Knight
2 Death Coil
2 Unholy Aura
1 Death Pact
3 Lich
1 Frost Armor
2 Frost Nova
1 Dreadlord
1 Sleep
» actions
| Assign group hotkey | 436 | |
| Basic commands | 31 | |
| Build / train | 106 | |
| ESC pressed | 3 | |
| Enter build submenu | 73 | |
| Enter hero's abilities submenu | 9 | |
| Give item / drop item | 11 | |
| Remove unit from queue | 3 | |
| Right click | 3312 | |
| Select / deselect | 1308 | |
| Select group hotkey | 1217 | |
| Use ability | 247 | |
6758 total
» units
| Acolyte | 21 | |
| Ghoul | 8 | |
| Crypt Fiend | 8 | |
| Frost Wyrm | 3 | |
| Obsidian Statue | 2 | |
| Gargoyle | 3 | |
45 total
» upgrades
| Burrow | 1 | |
| Creature Attack | 2 | |
| Web | 1 | |
| Creature Carapace | 2 | |
| Ghoul Frenzy | 1 | |
| Destroyer Form | 1 | |
| Stone Form | 1 | |
9 total
» buildings
| Crypt | 4 | |
| Altar of Darkness | 5 | |
| Ziggurat | 19 | |
| Tomb of Relics | 1 | |
| Graveyard | 2 | |
| Halls of the Dead | 2 | |
| Necropolis | 12 | |
| Spirit Tower | 9 | |
| Nerubian Tower | 4 | |
| Black Citadel | 1 | |
| Sacrificial Pit | 1 | |
| Boneyard | 2 | |
| Slaughterhouse | 1 | |
63 total
» build order
00:08 Crypt
00:10 Altar of Darkness
00:33 Ziggurat
01:10 Tomb of Relics
01:18 Ziggurat
01:51 Graveyard
03:04 Halls of the Dead
04:11 Ziggurat
06:11 Necropolis
07:48 Ziggurat
07:58 Ziggurat
08:16 Ziggurat
08:36 Spirit Tower
08:36 Nerubian Tower
09:53 Black Citadel
09:55 Spirit Tower
10:00 Spirit Tower
10:00 Nerubian Tower
10:19 Ziggurat
10:39 Ziggurat
10:40 Ziggurat
10:45 Necropolis
10:54 Ziggurat
11:12 Crypt
11:14 Crypt
11:16 Crypt
11:43 Sacrificial Pit
11:50 Ziggurat
13:40 Spirit Tower
13:49 Spirit Tower
13:50 Spirit Tower
13:50 Spirit Tower
14:33 Boneyard
14:38 Necropolis
14:40 Ziggurat
14:42 Ziggurat
15:21 Boneyard
16:24 Slaughterhouse
19:14 Graveyard
20:13 Ziggurat
20:13 Ziggurat
20:14 Ziggurat
20:18 Necropolis
21:07 Spirit Tower
21:07 Nerubian Tower
21:08 Spirit Tower
21:55 Necropolis
26:02 Necropolis
31:13 Necropolis
31:14 Necropolis
31:19 Necropolis
31:51 Necropolis
37:33 Ziggurat
37:38 Ziggurat
38:34 Ziggurat
39:09 Altar of Darkness
39:14 Altar of Darkness
39:45 Necropolis
40:06 Nerubian Tower
40:32 Necropolis
42:40 Halls of the Dead
43:18 Altar of Darkness
43:30 Altar of Darkness
» items
| Rod of Necromancy | 3 | |
| Sacrificial Skull | 3 | |
| Scroll of Healing | 1 | |
| Scroll of Town Portal | 5 | |
| Orb of Corruption | 1 | |
| Potion of Healing | 2 | |
| Potion of Mana | 1 | |
| Potion of Lesser Invulnerability | 1 | |
| Potion of Invisibility | 2 | |
| Staff of Teleportation | 1 | |
20 total
observersJumpToad,
FML|KiLLiN,
Sakura[GGL],
lovetrance Chat log
(00:17 / Observers) Sakura[GGL]: eugey replace wreck?
(00:28 / All) Eugey: gl hf
(00:31 / All) genra: u2
(00:40 / Observers) Sakura[GGL]: whats going on
(01:02 / Observers) JumpToad: tbh
(01:06 / Observers) JumpToad: wreck gets auto-place
(01:09 / Observers) JumpToad: he doesnt need to qualify
(01:12 / Observers) JumpToad: he won last seasono
(01:20 / Observers) JumpToad: just put him there to have some games
(01:21 / Observers) Sakura[GGL]: xx is on garena
(01:28 / Observers) JumpToad: really
(01:30 / Observers) JumpToad: nice
(01:31 / Observers) JumpToad: lol
(01:39 / Observers) Sakura[GGL]: who is yellow
(01:50 / Observers) Sakura[GGL]: what the fuck is going on is this an fml qualifier?
(01:51 / Observers) JumpToad: knowmercy replacement
(02:13 / Observers) FML|KiLLiN: this is FML Quali
(02:18 / Observers) Sakura[GGL]: oh oka
(02:22 / Observers) FML|KiLLiN: i forgot wreck was champ, jus replace him in the qualies
(02:25 / Observers) FML|KiLLiN: he shouldnt be there
(02:29 / Observers) JumpToad: im pretty sure
(02:31 / Observers) JumpToad: i just said that
(02:35 / Observers) JumpToad: dont tell me what to do
(02:36 / Observers) JumpToad: = thnx
(02:47 / Observers) Sakura[GGL]: yellow looks fucking bad
(02:53 / Observers) JumpToad: hes a nice guy
(03:20 / Observers) Sakura[GGL]: there are plenty of nice people who wanted a chance and are good
(03:30 / Observers) JumpToad: lol
(03:32 / Observers) JumpToad: right now?
(03:34 / Observers) JumpToad: there s not
(03:37 / Observers) Sakura[GGL]: but we shall see
(03:38 / Observers) JumpToad: i asked like 6 times
(03:45 / Observers) JumpToad: he can be replaced
(03:47 / Observers) JumpToad: hes a sub for nwo
(03:52 / Observers) JumpToad: see how it goes
(04:03 / Observers) Sakura[GGL]: hope he wins in stunning fashion
(04:07 / Observers) JumpToad: xD
(04:08 / Observers) JumpToad: me too
(04:19 / Observers) Sakura[GGL]: and i hope he is horribly badmannered
(04:22 / Observers) JumpToad: grandbulp looks terrible
(04:22 / Observers) Sakura[GGL]: and shittalks them
(04:23 / Observers) Sakura[GGL]: lol
(04:29 / Observers) JumpToad: but he was the best ffaer laid eyes on
(05:00 / Observers) Sakura[GGL]: game 6 was a good one imo
(05:18 / Observers) JumpToad: i wonder if i shud get grandbulp into fml
(05:44 / Observers) Sakura[GGL]: never heard of him
(05:49 / All) the.anchor: tt littl elaggy
(05:50 / Observers) JumpToad: hes the best ffaer
(05:51 / Observers) JumpToad: ever
(06:19 / Observers) Sakura[GGL]: thats impossible
(06:25 / Observers) Sakura[GGL]: im not grandbulp
(06:25 / Observers) JumpToad: what it
(06:28 / Observers) JumpToad: loool
(06:42 / Observers) JumpToad: trying to remember his names
(06:44 / Observers) JumpToad: online
(06:49 / Observers) JumpToad: he has GrandBulp
(06:51 / Observers) JumpToad: Dolt.
(06:56 / Observers) JumpToad: grrr
(07:07 / Observers) Sakura[GGL]: i wont know any of them
(07:09 / Observers) JumpToad: and another he got rank 1 on
(07:10 / Observers) JumpToad: lol
(07:12 / Observers) JumpToad: its same person
(07:13 / Observers) JumpToad: xD
(07:25 / Observers) Sakura[GGL]: yea i wont know any of his akas
(07:28 / Observers) JumpToad: ur not a very old-school ffaer r u :p
(07:34 / Observers) Sakura[GGL]: im
(07:37 / Observers) Sakura[GGL]: best 4v4 player
(07:41 / Observers) JumpToad: xD
(07:43 / Observers) Sakura[GGL]: only ffa the past year
(07:48 / Observers) JumpToad: ah
(07:52 / Observers) JumpToad: like most ffaers
(07:57 / Observers) JumpToad: just a very late transission
(08:07 / Observers) Sakura[GGL]: thats why i want a 4v4 map
(08:12 / Observers) Sakura[GGL]: im unstoppable on them
(08:15 / Observers) JumpToad: also killin
(08:24 / Observers) JumpToad: any time u wanna start updatng ladder
(08:26 / Observers) JumpToad: lemme know
(08:26 / Observers) JumpToad: t.t
(08:32 / Observers) lovetrance: is tm map for next qualifier games?
(08:35 / Observers) Sakura[GGL]: yea
(08:36 / Observers) JumpToad: no
(08:39 / Observers) JumpToad: deathrose
(08:42 / Observers) JumpToad: oh wait
(08:43 / Observers) JumpToad: no
(08:43 / Observers) Sakura[GGL]: what>
(08:45 / Observers) lovetrance: n//cccccccc
(08:47 / Observers) JumpToad: crucible taverns
(08:49 / Observers) FML|KiLLiN: eh u can do it ima step off as admin
(08:54 / Observers) JumpToad: kk
(08:57 / Observers) Sakura[GGL]: the site says tm
(09:00 / Observers) JumpToad: it doesnt
(09:02 / Observers) JumpToad: i updated
(09:03 / Observers) JumpToad: lol
(09:10 / Observers) Sakura[GGL]: ladder is very hard to keep updated
(09:15 / Observers) JumpToad: its not
(09:20 / Observers) JumpToad: killin is lazy tho :p
(09:30 / Observers) Sakura[GGL]: seems like it would be hard
(09:32 / Observers) JumpToad: only games posted on forum count
(09:33 / Observers) JumpToad: so its easy
(09:36 / Observers) Sakura[GGL]: oh
(09:40 / Observers) Sakura[GGL]: on forum
(09:41 / Observers) Sakura[GGL]: kk
(09:43 / All) the.anchor: ffs
(09:58 / Observers) Sakura[GGL]: yellow t2
(10:15 / Observers) Sakura[GGL]: doing good tho
(10:21 / Observers) JumpToad: hes not doing terrible
(10:22 / Observers) JumpToad: xD
(10:28 / Observers) Sakura[GGL]: yea hes doing fine
(10:29 / Observers) JumpToad: he knows how ffa works i think
(10:30 / Observers) Sakura[GGL]: ;)
(10:33 / Observers) FML|KiLLiN: im not lazy i just dont like the way i have to update
(10:34 / Observers) JumpToad: just not a great player
(10:35 / Observers) JumpToad: =)
(10:38 / Observers) JumpToad: he seems nice
(10:41 / Observers) JumpToad: ok killin
(10:45 / Observers) JumpToad: its easy as fuck
(10:46 / Observers) JumpToad: but k
(10:54 / Observers) Sakura[GGL]: what way do you have too?
(10:56 / Observers) FML|KiLLiN: its easy just time consuming
(11:01 / Observers) JumpToad: its not
(11:02 / Observers) JumpToad: lol
(11:06 / Observers) JumpToad: i spend 10 mins a day updating it
(11:10 / Observers) JumpToad: if that
(11:13 / Observers) JumpToad: more like 5 mins
(11:26 / Observers) FML|KiLLiN: but u dont go all games
(11:28 / Observers) JumpToad: thats why i used a database
(11:33 / Observers) JumpToad: i do all games that are posted
(11:40 / Observers) JumpToad: as is stated clearly on the site
(11:47 / Observers) FML|KiLLiN: i dont like that either
(11:52 / Observers) JumpToad: good
(11:55 / Observers) FML|KiLLiN: seeing as how fragile the community is
(11:59 / Observers) FML|KiLLiN: we gotta be flexible
(12:01 / Observers) JumpToad: no
(12:02 / Observers) JumpToad: we dont
(12:03 / Observers) Sakura[GGL]: what?
(12:08 / Observers) JumpToad: killin ur talking shizzle
(12:09 / Observers) JumpToad: shh
(12:18 / Observers) FML|KiLLiN: if people wanna post on ffar eplays
(12:19 / Observers) Sakura[GGL]: posting on the forum is the only way to do it
(12:24 / All) genra: DDINT EXPOECT THATR
(12:24 / Observers) JumpToad: indeed
(12:26 / Observers) FML|KiLLiN: we should be ok with that
(12:26 / Observers) Sakura[GGL]: ffareplays has no order
(12:27 / Observers) JumpToad: thankyou sakura
(12:33 / Observers) JumpToad: rofl thankyou again
(12:34 / Observers) JumpToad: killini
(12:37 / Observers) JumpToad: your being special
(12:38 / Observers) FML|KiLLiN: but its what peope r used to atm
(12:40 / Observers) Sakura[GGL]: the replays just lose order immiediately
(12:45 / Observers) JumpToad: they only post results killin
(12:52 / Observers) FML|KiLLiN: its not hard to keep traqck of them tbh lol
(12:52 / Observers) JumpToad: its not fucking complicated
(12:57 / Observers) JumpToad: it is
(12:59 / Observers) Sakura[GGL]: i cant
(13:00 / Observers) Sakura[GGL]: ..
(13:03 / Observers) JumpToad: i dunno which games ive added
(13:07 / Observers) FML|KiLLiN: u just dont understand people bro.. but ok
(13:11 / Observers) JumpToad: yeh ok
(13:12 / Observers) Sakura[GGL]: throne postes 60 games a day
(13:15 / Observers) JumpToad: best shhh now killin
(13:17 / Observers) JumpToad: ur speaking retardly
(13:18 / All) the.anchor: leave it
(13:19 / All) the.anchor: green
(13:26 / Observers) Sakura[GGL]: he makes sense jump.
(13:29 / All) the.anchor: im fighting yellow u dumbass
(13:32 / All) XZshka): л
(13:32 / Observers) Sakura[GGL]: but
(13:34 / All) XZshka): л
(13:35 / All) XZshka): л
(13:36 / All) XZshka): л
(13:37 / Observers) Sakura[GGL]: yes he does but
(13:40 / Observers) JumpToad: its simple to post results on site
(13:44 / Observers) JumpToad: im not gunna watch each fucking replay
(13:46 / Observers) JumpToad: for results
(13:55 / Observers) JumpToad: i do have other things to do
(13:58 / Observers) Sakura[GGL]: not everyone knows to post on forums tho
(13:59 / All) genra: RAD LUCKY POSITION
(14:00 / Observers) JumpToad: beside watch replays all day
(14:02 / All) genra: red*
(14:03 / Observers) Sakura[GGL]: i didnt know until right now
(14:06 / Observers) JumpToad: then they shouldnt do ladder
(14:06 / Observers) Sakura[GGL]: is what hes saying
(14:12 / All) the.anchor: im surrounded you idiot
(14:14 / Observers) Sakura[GGL]: i thought all i had to do was post ffareplays
(14:19 / All) XZshka): сек
(14:20 / All) genra: did i pause?
(14:23 / Observers) JumpToad: lol
(14:29 / Observers) Sakura[GGL]: xz paused
(14:33 / Observers) JumpToad: i know
(14:35 / All) the.anchor: laggy
(14:42 / Observers) Sakura[GGL]: whos your winner pick?
(14:48 / Observers) JumpToad: xz or eugey
(14:54 / Observers) Sakura[GGL]: pick one nerd
(14:57 / Observers) Sakura[GGL]: :P
(14:58 / Observers) JumpToad: eugey
(15:07 / Observers) Sakura[GGL]: i pick xz alchemist!
(15:14 / Observers) JumpToad: xD
(15:24 / Observers) JumpToad: if i picked xz u pick eugey
(15:25 / Observers) JumpToad: =)?
(15:26 / Observers) JumpToad: lol
(15:30 / Observers) Sakura[GGL]: 29 wood for yellow
(15:31 / Observers) Sakura[GGL]: lol
(15:40 / Observers) JumpToad: yeh but
(15:42 / Observers) JumpToad: 2 boneyards
(16:01 / Observers) Sakura[GGL]: eugey gonna tome this mofo
(16:36 / Observers) lovetrance: 95
(17:05 / Observers) Sakura[GGL]: i see what lois was bitching about
(17:09 / Observers) Sakura[GGL]: cant see dg on this map lol
(17:22 / Observers) JumpToad: i removed terrain
(17:23 / Observers) JumpToad: so i can
(17:25 / Observers) JumpToad: lol
(17:47 / Observers) Sakura[GGL]: i cant play without terrain on
(17:48 / Observers) JumpToad: kill the fucking tc
(17:50 / Observers) JumpToad: please
(17:51 / Observers) JumpToad: lol
(18:34 / Observers) JumpToad: chasee
(19:29 / Observers) JumpToad: resource rape from yellow to red
(19:30 / Observers) JumpToad: xD
(21:02 / All) genra: you stop attacking me?
(21:11 / All) the.anchor: i need an expo
(21:12 / Observers) Sakura[GGL]: rofl
(21:19 / All) genra: hmm blue has many
(21:21 / All) genra: so...
(21:25 / All) genra: na
(21:26 / All) the.anchor: doesnt matter if i have one
(21:30 / All) genra: but i let you this
(21:45 / All) genra: aah
(22:30 / Observers) JumpToad: god
(22:32 / Observers) JumpToad: if iwas yellow
(22:36 / Observers) JumpToad: id rape red so hard
(22:36 / Observers) JumpToad: lol
(23:06 / Observers) Sakura[GGL]: he wants peace with red but red doesnt want peace back
(23:55 / Observers) Sakura[GGL]: yellow got raped
(23:57 / Observers) Sakura[GGL]: fucking hard
(23:58 / Observers) JumpToad: yup
(24:06 / Observers) JumpToad: red 0 micro tho
(24:09 / Observers) JumpToad: cant see him winning
(24:09 / Observers) JumpToad: :p
(25:14 / Observers) Sakura[GGL]: hmmm
(25:20 / Observers) Sakura[GGL]: yellow thinks red wont kill him?
(25:24 / Observers) Sakura[GGL]: hes trying to horde
(25:28 / Observers) Sakura[GGL]: taking a big gamble
(25:49 / Observers) Sakura[GGL]: hes at 51 food
(25:51 / Observers) Sakura[GGL]: lol
(26:24 / All) genra: leave me alon?
(26:41 / Observers) Sakura[GGL]: what a funny little guyh
(26:46 / Observers) JumpToad: =)
(26:55 / Observers) Sakura[GGL]: alche lvl 6
(27:47 / All) Eugey: well im pretty much dead dg alch lvl 6 o.o
(28:27 / Observers) JumpToad: idd
(28:30 / Observers) JumpToad: good job red
(28:31 / Observers) Sakura[GGL]: gonna be a close one
(28:35 / Observers) Sakura[GGL]: especially since
(28:41 / Observers) Sakura[GGL]: blue is porlly gonna help team dg
(29:11 / All) XZshka): б плз
(29:22 / All) the.anchor: zz
(29:29 / Observers) JumpToad: xz typing in korean or something
(29:30 / Observers) JumpToad: lol
(29:43 / All) the.anchor: almost looks like you're tryna feed your heroes yellow..
(29:49 / All) genra: na
(30:29 / All) genra: nvm
(31:43 / Observers) Sakura[GGL]: uh oh
(31:53 / Observers) Sakura[GGL]: dg about to have 100 food red at his doorstep
(32:34 / All) the.anchor: someones been fed nicely
(32:48 / All) Eugey: my bad
(32:52 / All) the.anchor: ^^
(33:56 / All) genra: wow the sandwiched guy wins
(34:20 / All) the.anchor: meh dg heros buff
(34:45 / All) XZshka): сука
(35:53 / All) XZshka): сука не могу на англ переключить))
(35:57 / Observers) Sakura[GGL]: yellow needs to start harassing red expos
(36:01 / All) the.anchor: whups..
(36:30 / All) genra: plz
(36:31 / All) genra: nana
(37:08 / All) Eugey: yellow u dead?
(37:14 / All) the.anchor: i cant kill
(37:14 / All) genra: yeah
(37:15 / All) the.anchor: dg
(37:15 / All) the.anchor: zz
(37:21 / All) XZshka): сука
(37:22 / All) XZshka): бля
(37:44 / All) Eugey: what do u have yello?
(37:46 / All) Eugey: w
(37:56 / All) genra: jsut what you see
(38:04 / All) Eugey: a gold mine? thats all?
(38:10 / All) genra: ye
(38:13 / All) genra: ...
(38:15 / All) genra: TT
(38:22 / All) genra: not so loud
(38:24 / All) genra: :P
(38:37 / Observers) Sakura[GGL]: kill him blue
(38:39 / Observers) Sakura[GGL]: take his mine
(38:42 / Observers) Sakura[GGL]: hes useless
(39:09 / All) Eugey: i kinda need it D:
(39:21 / All) genra: :/
(39:43 / All) genra: i think red won
(39:52 / All) XZshka): сука
(39:54 / All) XZshka): думает
(39:54 / All) XZshka): он
(39:55 / Observers) Sakura[GGL]: needs boots on alche
(40:03 / All) Eugey: i hope dg comunicate before he lose
(40:08 / Observers) JumpToad: omg
(40:09 / Observers) JumpToad: i went afk
(40:10 / All) Eugey: i cant see what u say dg
(40:10 / Observers) JumpToad: WTF
(40:13 / Observers) JumpToad: roofl
(41:16 / All) genra: :((
(41:46 / All) genra: at least that
(41:49 / All) genra: just my hero
(41:53 / All) genra: stop pls
(41:53 / All) Eugey: i just want the mine
(41:58 / All) genra: yeah you can have
(42:00 / All) genra: just let him out
(43:45 / All) XZshka): сука такие тупые
(44:00 / All) Eugey: i cant see what u say man i hope red is not owning u completly
(44:48 / All) XZshka): дщд
(45:02 / Observers) Sakura[GGL]: is it bad
(45:09 / Observers) Sakura[GGL]: that i see dark green as a faggot
(45:11 / All) XZshka): сука
(45:14 / Observers) Sakura[GGL]: for not speaking english
(45:16 / All) XZshka): такому критину проебал
(45:53 / Observers) lovetrance: his keyboard cant change for eng)
(45:56 / Observers) lovetrance: he ask
(46:09 / Observers) Sakura[GGL]: ;(
(46:41 / Observers) Sakura[GGL]: dg needs to build a gyro and get his heroes back
(46:46 / All) Eugey: red is winning
(46:47 / Observers) Sakura[GGL]: and start a transmute feast
(46:49 / All) Eugey: u harrassing him yellow?
(46:53 / All) genra: yeah
(47:54 / All) the.anchor: tt
(48:02 / Observers) JumpToad: i like yellow
(48:05 / Observers) JumpToad: he doesnt die
(48:19 / Observers) Sakura[GGL]: he fed red then rolled over and let him take all expos
(48:25 / Observers) JumpToad: xd
(48:31 / Observers) Sakura[GGL]: blue at least kept green in check A LITTLE
(48:37 / Observers) JumpToad: rofl
(48:39 / All) genra: thats why you followed me so chilled
(48:51 / All) genra: most probably smiling
(48:51 / Observers) Sakura[GGL]: now yellow will feed him a level 5 dk
(49:09 / Observers) JumpToad: yup
(49:10 / Observers) JumpToad: lol
(49:19 / Observers) lovetrance: wow
(49:25 / Observers) lovetrance: how u find it:D
(49:34 / All) genra: Oo
(49:37 / Observers) Sakura[GGL]: turn terrain off
(49:38 / All) genra: green
(49:48 / All) genra: so dead
(49:54 / All) XZshka): ПИДАР
(50:19 / All) Eugey: im spiking a little
(50:48 / Observers) JumpToad: micro towersss
(50:49 / Observers) JumpToad: t.t
(50:54 / Observers) Sakura[GGL]: alche should transmute
(50:55 / All) Eugey: red on me
(51:01 / All) genra: wehre?
(51:03 / All) Eugey: well unpausing see if its better
(51:20 / Observers) JumpToad: micro towers
(51:21 / Observers) JumpToad: damnit
(51:22 / Observers) JumpToad: lol
(52:25 / All) the.anchor: zz
(52:27 / All) the.anchor: 3v1
(52:37 / Observers) JumpToad: yellow doesnt count
(52:38 / Observers) JumpToad: lol
(52:48 / Observers) Sakura[GGL]: yellow is like
(53:00 / Observers) Sakura[GGL]: id be worried even if he was helping me
(53:04 / Observers) JumpToad: loooooool
(53:08 / Observers) JumpToad: be nice to him
(53:18 / Observers) Sakura[GGL]: the best way he could help
(53:22 / Observers) Sakura[GGL]: is to unsummon right away
(53:25 / Observers) JumpToad: rof
(53:26 / Observers) Sakura[GGL]: lol
(53:27 / Observers) JumpToad: rifl
(53:29 / Observers) JumpToad: rofl &
(53:41 / Observers) Sakura[GGL]: "peace?" "only if you unsummon"
(53:52 / Observers) JumpToad: "ok"
(54:00 / Observers) JumpToad: "lemme attack hiis expo first
(54:03 / Observers) JumpToad: "NOOOO!"
(54:04 / Observers) JumpToad: lol
(54:10 / Observers) Sakura[GGL]: "NO PLEASE"
(54:14 / Observers) Sakura[GGL]: "JUST UNSUMMON"
(54:21 / All) genra: so whats happening?
(54:22 / Observers) JumpToad: lol
(54:25 / All) genra: green you there?
(54:32 / All) Eugey: reviving my heros
(54:39 / Observers) JumpToad: staff him
(54:40 / Observers) JumpToad: damnt
(54:40 / All) genra: green?
(54:41 / Observers) JumpToad: t.t
(54:42 / Observers) JumpToad: lol
(55:12 / All) Eugey: i think they are fighting
(55:12 / Observers) Sakura[GGL]: alche needs boots bad
(55:16 / All) genra: aha
(55:18 / Observers) JumpToad: yup
(55:25 / All) genra: but greens base was totally destroyd
(55:40 / All) Eugey: dg's hero are pretty strong
(56:17 / All) Eugey: help
(56:28 / Observers) Sakura[GGL]: no english nice..
(56:37 / Observers) Sakura[GGL]: they could win
(57:38 / All) genra: shouldve wen tobs ^^
(58:08 / All) Eugey: well i just fed him even more
(58:16 / All) the.anchor: what is fed
(58:35 / All) genra: i think green is dead
(58:49 / Observers) JumpToad: so
(58:58 / Observers) Sakura[GGL]: there it is
(59:02 / Observers) Sakura[GGL]: tome of power
(59:02 / Observers) JumpToad: anchor>eugey>xz>yellow
(59:03 / Observers) JumpToad: lol
(59:05 / All) genra: gg
(59:12 / Observers) JumpToad: finally
(59:13 / Observers) JumpToad: rofl
(59:14 / Observers) JumpToad: :p
(59:25 / Observers) Sakura[GGL]: should have waited for someone decent
(59:30 / Observers) JumpToad: xd
(59:31 / Observers) JumpToad: no one here
(59:33 / Observers) JumpToad: still
(59:34 / Observers) JumpToad: lol
(59:43 / Observers) JumpToad: unlucky genra
(59:44 / Observers) Sakura[GGL]: coulda checked bnet
(59:47 / Observers) JumpToad: i was routing for u genra
(59:48 / All) Eugey: i wish green could talk to me
(59:48 / Observers) JumpToad: lol
(59:50 / Observers) Sakura[GGL]: not unlucky
(59:52 / All) Eugey: coulda
(59:52 / All) the.anchor: hes
(59:54 / All) the.anchor: harassing
(59:59 / Observers) JumpToad: hes here sakura
(60:00 / All) XZshka): ы
(60:01 / Observers) JumpToad: stfu
(60:01 / Observers) JumpToad: !!
(60:04 / Observers) Sakura[GGL]: i realize that
(60:04 / Observers) JumpToad: genra
(60:06 / Observers) JumpToad: !!
(60:08 / Observers) Sakura[GGL]: like he doesnt know
(60:17 / Observers) genra: ive too less experience in ffa
(60:20 / Observers) JumpToad: :p
(60:25 / Observers) Sakura[GGL]: in warcraft 3*
(60:27 / Observers) genra: needed to pump earlier and make destros
(60:28 / Observers) JumpToad: lol
(60:32 / Observers) JumpToad: stfu sakura or ur out the league
(60:35 / Observers) JumpToad: i dont like mean people
(60:40 / Observers) JumpToad: you did genra
(60:43 / All) Eugey: fuck men this is annoying
(60:43 / Observers) Sakura[GGL]: truth and mean are different
(60:47 / Observers) JumpToad: no
(60:48 / Observers) Sakura[GGL]: youre pretending hes good
(60:52 / Observers) JumpToad: im not
(60:55 / Observers) JumpToad: im saying he got unlucky
(60:57 / Observers) JumpToad: at the start
(60:59 / Observers) JumpToad: when he got rushed
(60:59 / Observers) Sakura[GGL]: howso
(61:00 / All) Eugey: i guess we have no chance at all
(61:02 / Observers) JumpToad: for a bit
(61:09 / Observers) JumpToad: just stfu
(61:12 / Observers) JumpToad: be ncie
(61:12 / Observers) JumpToad: nice
(61:13 / Observers) Sakura[GGL]: "k"
(61:16 / Observers) genra: you talk about me?
(61:19 / Observers) lovetrance: where he got unlucky?
(61:19 / Observers) JumpToad: nope
(61:23 / Observers) JumpToad: fuck it
(61:23 / Observers) JumpToad: afk
(61:26 / Observers) Sakura[GGL]: no luck was involved lol
(61:30 / Observers) JumpToad: prick
(61:31 / Observers) lovetrance: play with tech
(61:32 / Observers) JumpToad: stfu
(61:35 / Observers) lovetrance: long t2
(61:38 / Observers) Sakura[GGL]: he didnt get rushed at all
(61:42 / Observers) JumpToad: w/e
(61:43 / Observers) JumpToad: stfu
(61:46 / Observers) JumpToad: prick
(61:52 / Observers) JumpToad: i assume you have no friends in real life
(61:54 / Observers) JumpToad: with that attitude
(61:56 / Observers) Sakura[GGL]: wrong.
(62:04 / Observers) JumpToad: i dont know for fact
(62:06 / Observers) JumpToad: im assumiing
(62:09 / Observers) JumpToad: ill stick to my assumpton
(62:09 / All) Eugey: hes finishing my last buildings
(62:10 / Observers) Sakura[GGL]: im not even saying anything bad
(62:12 / All) Eugey: cant do shit
(62:13 / Observers) JumpToad: assumption *
(62:13 / Observers) genra: green not comunicating was really a problem
(62:18 / Observers) JumpToad: you are being a prick sakura
(62:23 / Observers) Sakura[GGL]: howso
(62:28 / Observers) JumpToad: your being mean
(62:33 / Observers) JumpToad: how would you like the demoralization
(62:35 / Observers) Sakura[GGL]: he ruined this game tbh
(62:42 / Observers) JumpToad: you've no understanding of social engineering?
(62:52 / Observers) JumpToad: w/e im afk your pissing me off
(62:52 / Observers) Sakura[GGL]: i wouldnt volunteer for a game out of my skilllevel
(62:56 / Observers) genra: who youre talking about?
(63:00 / Observers) JumpToad: no one genra
(63:01 / Observers) Sakura[GGL]: noone
(63:13 / Observers) JumpToad: unlucky eugey
(63:13 / Observers) Eugey: me?
(63:15 / Observers) Sakura[GGL]: hi eugey
(63:16 / Observers) JumpToad: nooo
(63:17 / Observers) JumpToad: lol
(63:21 / Observers) JumpToad: wp eugey
(63:28 / Observers) Eugey: D: i did my best green is very good lol
(63:29 / Observers) genra: eugey green really was dead all the time
(63:31 / Observers) JumpToad: :)
(63:32 / Observers) Eugey: thx
(63:33 / Observers) Sakura[GGL]: if green spoke english maybe woulda been different
(63:38 / Observers) JumpToad: haha
(63:39 / Observers) JumpToad: yeh
(63:50 / Observers) Eugey: well yea i knew he lost everything killing me
(64:00 / Observers) Sakura[GGL]: and yellow may be illiterate
(64:03 / Observers) Sakura[GGL]: jk jk
(64:08 / Observers) JumpToad: -.-
(64:12 / Observers) genra: why
(64:17 / Observers) JumpToad: hes joking
(64:23 / Observers) genra: in every joke is truth
(64:28 / Observers) Sakura[GGL]: good call
(64:30 / Observers) genra: or assumption
(64:34 / Observers) Eugey: in every truth is joke!
(64:38 / Observers) JumpToad: haha
(64:48 / Observers) Sakura[GGL]: an assumtion doesnt always have truth in it
(64:51 / Observers) JumpToad: its funny cuz its true eugey
(64:52 / Observers) JumpToad: xD
(65:00 / Observers) Eugey: lol
(65:17 / Observers) Sakura[GGL]: lol
(65:18 / Observers) Sakura[GGL]: dg wins
(65:20 / Observers) JumpToad: ROFL
(65:23 / Observers) JumpToad: rapeed
(65:24 / Observers) JumpToad: :p
(65:26 / Observers) lovetrance: omg
(65:27 / All) the.anchor: zz
(65:28 / Observers) lovetrance: nice
(65:30 / Observers) Sakura[GGL]: OMG YES
(65:36 / Observers) genra: lol really?
(65:39 / Observers) Eugey: no way red has the whole map
(65:43 / Observers) JumpToad: indeed
(66:08 / Observers) JumpToad: nice
(66:09 / Observers) JumpToad: lol
(66:15 / Observers) Eugey: u guys saw anything i did wrong i shoulda done?
(66:17 / Observers) JumpToad: counter
(66:18 / Observers) JumpToad: pls
(66:21 / Observers) Eugey: in my fight against green
(66:21 / Observers) JumpToad: yeh eugey
(66:23 / Observers) JumpToad: u shudda raped him
(66:24 / Observers) JumpToad: :p
(66:26 / Observers) JumpToad: more
(66:27 / Observers) JumpToad: !!
(66:28 / Observers) Eugey: lol
(66:29 / Observers) JumpToad: xD
(66:34 / Observers) JumpToad: yeh eugey your in the league
(66:37 / Observers) Sakura[GGL]: he was
(66:39 / Observers) Eugey: i tied lol
(66:39 / Observers) JumpToad: but i wanna depend on you for schedueling
(66:40 / Observers) Sakura[GGL]: 100 food entire time
(66:42 / Observers) Eugey: yay
(66:48 / Observers) JumpToad: i dont like people that dont schedule well
(66:49 / Observers) JumpToad: t.t
(66:50 / Observers) Sakura[GGL]: maybe you shoulda gone 100 food for some
(66:51 / Observers) JumpToad: :)
(67:03 / Observers) Eugey: i tried pumping more
(67:11 / Observers) JumpToad: remake towers
(67:12 / Observers) JumpToad: now
(67:15 / Observers) JumpToad: thats what saved uuuu
(67:17 / Observers) JumpToad: T.T
(67:23 / Observers) Sakura[GGL]: dont think so
(67:25 / Observers) Eugey: i know i can micro better cuz im really tired
(67:29 / Observers) JumpToad: ha
(67:31 / Observers) Eugey: tho
(67:38 / Observers) Eugey: i guess thats what went wrong
(67:51 / Observers) Eugey: but im not used to fight ppl this good :P
(67:56 / Observers) JumpToad: lol
(67:58 / Observers) Eugey: b.net is shit
(68:05 / Observers) Eugey: -_-
(68:05 / Observers) JumpToad: no one extrordanary in this game tbh
(68:06 / Observers) JumpToad: :p
(68:09 / Observers) JumpToad: you should see other games
(68:10 / Observers) JumpToad: lol
(68:13 / Observers) Eugey: oh yea i know
(68:17 / Observers) Sakura[GGL]: you watch my qualifier
(68:18 / Observers) JumpToad: and your next game
(68:20 / Observers) Sakura[GGL]: oh baby
(68:21 / Observers) Eugey: ive played vs dase.. yz maga
(68:21 / Observers) JumpToad: is gunna be hard eugey
(68:22 / Observers) JumpToad: lol
(68:34 / Observers) Eugey: ive beat maga in 1v1 once or almost
(68:40 / Observers) JumpToad: xd
(68:42 / Observers) Sakura[GGL]: whos genra play next
(68:49 / Observers) Eugey: i had the uper hadn for a min lol
(68:50 / Observers) JumpToad: i dunno
(68:53 / Observers) Sakura[GGL]: lol
(68:56 / Observers) Sakura[GGL]: jk jk
(68:56 / Observers) JumpToad: if knowmercy comes back
(68:59 / Observers) genra: nline daselend and lets see
(69:03 / Observers) genra: :))
(69:04 / Observers) JumpToad: wreck not coming back
(69:09 / Observers) JumpToad: and eugey took his place
(69:10 / Observers) Sakura[GGL]: dase is in my group
(69:15 / Observers) JumpToad: wreck is auto-qualified
(69:17 / Observers) Eugey: yay
(69:38 / Observers) genra: whats yane doing btw?
(69:39 / Observers) Eugey: im going to start working at night soon
(69:41 / Observers) genra: retired?
(69:47 / Observers) JumpToad: WoW i guess
(69:50 / Observers) Sakura[GGL]: where at eugey
(69:51 / Observers) Eugey: like 11pm - 7pm
(69:52 / Observers) genra: ah :(
(69:52 / Observers) JumpToad: lol
(70:01 / Observers) Sakura[GGL]: i work 3- 9
(70:06 / Observers) Sakura[GGL]: am
(70:09 / Observers) JumpToad: good job
(70:11 / Observers) JumpToad: but seriously
(70:17 / Observers) JumpToad: expo RIGHT outside your base
(70:17 / Observers) JumpToad: xD
(70:35 / Observers) Sakura[GGL]: he saw it
(70:48 / Observers) JumpToad: nice
(70:49 / Observers) Sakura[GGL]: transmute tauren
(70:53 / Observers) Eugey: if green wins....
(70:55 / Observers) Eugey: i cry
(70:57 / Observers) JumpToad: he will
(71:00 / Observers) JumpToad: i think
(71:05 / Observers) Eugey: yea mb
(71:10 / Observers) genra: smart player
(71:38 / Observers) Sakura[GGL]: lets see if
(71:41 / Observers) genra: transmute cooldown how much is it?
(71:41 / Observers) Sakura[GGL]: dg will fight
(71:42 / Observers) JumpToad: he tps
(71:42 / Observers) JumpToad: lol
(71:44 / Observers) Sakura[GGL]: he should trade
(71:47 / Observers) Sakura[GGL]: its short
(71:49 / Observers) Sakura[GGL]: as hell
(71:50 / Observers) JumpToad: indeed
(72:01 / Observers) JumpToad: tp actually
(72:03 / Observers) JumpToad: he can rape that
(72:05 / Observers) JumpToad: YES
(72:07 / Observers) JumpToad: baby!
(72:14 / Observers) JumpToad: oh no
(72:16 / Observers) Eugey: rofl
(72:18 / Observers) Eugey: silence
(72:21 / Observers) genra: killer silence
(72:21 / Observers) JumpToad: oh shit
(72:22 / Observers) JumpToad: taped
(72:35 / Observers) Sakura[GGL]: resurrect
(72:45 / Observers) JumpToad: resyy
(73:13 / Observers) JumpToad: niceeee
(73:28 / Observers) Eugey: is it possible that dg's hero are good against hex stomp bm?
(73:34 / All) the.anchor: wowwwwwwww
(73:36 / Observers) JumpToad: lol
(73:39 / Observers) Eugey: seemed to be tuff for me
(73:42 / Observers) genra: unbelievable
(73:51 / Observers) JumpToad: peons!
(73:52 / Observers) genra: he has very nice micro also
(73:58 / Observers) JumpToad: he doesnt
(73:59 / Observers) JumpToad: lol
(74:03 / Observers) genra: in that fight
(74:05 / Observers) JumpToad: both of them have awful micro
(74:11 / Observers) JumpToad: even in that fight
(74:12 / Observers) JumpToad: lol
(74:14 / Observers) JumpToad: no offense
(74:15 / Observers) Eugey: how did i lose then -_-
(74:16 / Observers) genra: ok :P
(74:20 / Observers) JumpToad: i dunno eugey
(74:23 / Observers) JumpToad: ur crazzzy
(74:34 / Observers) Eugey: crazy? leik crazy in love
(74:37 / Observers) JumpToad: yes
(74:44 / Observers) Eugey: Dx
(74:45 / Observers) Sakura[GGL]: xz is pretty good
(74:49 / Observers) Sakura[GGL]: hes just what i call
(74:54 / Observers) Sakura[GGL]: "a tower fag"
(75:00 / Observers) JumpToad: lol
(75:06 / Observers) JumpToad: and no micro
(75:09 / Observers) JumpToad: in that fight then
(75:24 / Observers) Sakura[GGL]: his micros not bad
(75:28 / Observers) JumpToad: it is
(75:29 / Observers) Sakura[GGL]: not good tho
(75:43 / Observers) Eugey: for some reason my army kept getting raped
(75:51 / Observers) Eugey: well i didnt use spirit link but...
(75:52 / Observers) JumpToad: lol
(75:53 / Observers) Eugey: yea...
(76:04 / Observers) Eugey: im tired i never forget my buff lol
(76:16 / Observers) Sakura[GGL]: these fml games seem to always be epic lol
(76:23 / Observers) JumpToad: indeed
(76:24 / Observers) JumpToad: lol
(76:33 / Observers) Sakura[GGL]: you see game 6?
(76:37 / Observers) Eugey: i cant believe dg won
(76:40 / Observers) JumpToad: who in it sakura
(76:41 / Observers) Sakura[GGL]: i posted it earlier
(76:41 / Observers) Eugey: that means red let him rebuild and all
(76:43 / Observers) Sakura[GGL]: tigtag
(76:44 / Observers) JumpToad: was it today?
(76:45 / Observers) Eugey: to kill me
(76:46 / Observers) JumpToad: oh no
(76:47 / Observers) Sakura[GGL]: it took place this morning
(76:49 / Observers) JumpToad: i wanna see it tho
(76:49 / Observers) Sakura[GGL]: well
(76:53 / Observers) JumpToad: it was 9pm here
(76:54 / Observers) JumpToad: xD
(76:54 / Observers) Sakura[GGL]: can i explain it?
(76:58 / Observers) JumpToad: nooo
(77:00 / Observers) JumpToad: but ill watch it
(77:01 / Observers) JumpToad: good?
(77:11 / Observers) Sakura[GGL]: k
(77:15 / Observers) JumpToad: it good?
(77:19 / Observers) Sakura[GGL]: dase hated it
(77:21 / Observers) Sakura[GGL]: i liked it tho
(77:22 / Observers) JumpToad: rofl
(77:25 / Observers) JumpToad: ill watch it
(77:25 / Observers) Eugey: that game earlier at 3pm was kinda funny
(77:26 / Observers) JumpToad: n see
(77:28 / Observers) JumpToad: i like slythe
(77:28 / Observers) Sakura[GGL]: because
(77:30 / Observers) JumpToad: hes not incredible
(77:32 / Observers) JumpToad: but fun to watch
(77:34 / Observers) Sakura[GGL]: one player looks like a crackhead
(77:38 / Observers) JumpToad: loooool
(77:43 / Observers) JumpToad: shunned i assume
(77:44 / Observers) JumpToad: xD
(77:50 / Observers) Sakura[GGL]: but he starts to pull it together
(77:56 / Observers) JumpToad: oo wait
(77:58 / Observers) JumpToad: slythe
(77:59 / Observers) JumpToad: !!
(78:00 / Observers) JumpToad: lol
(78:03 / Observers) JumpToad: ill watch it
(78:05 / Observers) Sakura[GGL]: and his infatuation with crack helps him
(78:05 / Observers) JumpToad: dont ruin it for me
(78:06 / Observers) JumpToad: xD
(78:11 / Observers) JumpToad: haha
(78:26 / Observers) genra: someone said renaud is a dangerous palyer
(78:31 / Observers) genra: :)
(78:33 / Observers) genra: because
(78:42 / Observers) genra: he is always capable of suiciding
(78:45 / Observers) JumpToad: lol
(78:47 / Observers) genra: haha
(78:49 / Observers) Eugey: lol
(79:21 / Observers) Sakura[GGL]: the.anchor is so mad right now
(79:26 / Observers) JumpToad: lol
(79:29 / Observers) JumpToad: indeed
(79:29 / Observers) genra: you should take sandwiched players out fast
(79:39 / Observers) JumpToad: thats a given genra
(79:39 / Observers) genra: beause they are too aggressive
(79:43 / Observers) JumpToad: atleast u learnt that
(79:50 / Observers) Sakura[GGL]: ..
(79:51 / Observers) genra: yeah hha
(79:59 / Observers) JumpToad: unless ur both sandwiched
(80:00 / Observers) Eugey: u just need to expect thier rush
(80:07 / Observers) Sakura[GGL]: look eugey
(80:10 / Observers) Sakura[GGL]: its your corpse
(80:11 / Observers) JumpToad: ROFL
(80:13 / Observers) Sakura[GGL]: hows that feel
(80:13 / Observers) JumpToad: not complete
(80:14 / Observers) JumpToad: hahahaha
(80:18 / Observers) Eugey: where lol
(80:20 / Observers) JumpToad: ROFL
(80:23 / Observers) JumpToad: look @ hall
(80:26 / Observers) JumpToad: its not complete
(80:29 / Observers) Eugey: :[
(80:34 / Observers) JumpToad: rof
(80:35 / Observers) JumpToad: l
(80:37 / Observers) Eugey: my units
(80:38 / Observers) JumpToad: one smack away
(80:38 / Observers) JumpToad: xD
(80:41 / Observers) Eugey: they were brave
(80:50 / All) the.anchor: zz
(80:52 / All) the.anchor: gg
(80:53 / Observers) Eugey: NO
(80:54 / Observers) Sakura[GGL]: even red smacking your shit
(80:55 / Observers) Eugey: MY TC